 Dungeon Crawl Stone Soup version 0.18.1-48-g4cf74bf (webtiles) character file.

487 wraslar the Ducker (level 6, -2/61 HPs)
             Began as a Troll Fighter on Sept 7, 2016.
             Slain by an orc warrior
             ... wielding a +0 glaive
              (18 damage)
             ... on level 7 of the Dungeon.
             The game lasted 00:17:10 (1519 turns).

wraslar the Ducker (Troll Fighter)                  Turns: 1519, Time: 00:17:11

Health: -2/61      AC:  5    Str: 26    XL:     6   Next: 89%
Magic:  5/5        EV:  9    Int:  4    God:
Gold:   65         SH:  9    Dex: 10    Spells: 0 memorised, 5 levels left

rFire  . . .     SeeInvis .       - Unarmed
rCold  . . .     Gourm    +     a - +0 robe
rNeg   . . .     Faith    .     b - +0 shield
rPois  .         Spirit   .     (helmet restricted)
rElec  .         Dismiss  .     (no cloak)
rCorr  .         Reflect  .     (gloves unavailable)
SustAt .         Harm     .     (boots unavailable)
MR     .....                    (no amulet)
Stlth  +.........               (no ring)
                                (no ring)

@: not resistant to hostile enchantments, very unstealthy
A: unfitting armour, claws 3, fast metabolism 3, gourmand, regeneration 2,
shaggy fur 1, tough skin 2
a: no special abilities


You were on level 7 of the Dungeon.
You were not hungry.

You visited 1 branch of the dungeon, and saw 5 of its levels.

You collected 65 gold pieces.

Inventory:

Hand Weapons
 g - a +3 short sword
 i - a +3 whip
Armour
 a - a +0 robe (worn)
 b - a +0 shield (worn)
Jewellery
 l - a +3 ring of protection {unknown}
Scrolls
 e - a scroll of immolation
 h - a scroll of amnesia
Potions
 c - a potion of might
 j - a potion of curing
Comestibles
 d - 3 bread rations
 f - a beef jerky
 k - a meat ration


   Skills:
 + Level 3.4 Fighting
 + Level 4.3 Dodging
 + Level 0.6 Stealth
 + Level 3.4 Shields
 + Level 4.1 Unarmed Combat


You had 5 spell levels left.
You didn't know any spells.

Dungeon Overview and Level Annotations

Branches:
Dungeon (4/15)
 Temple: D:4-7

Altars:


Innate Abilities, Weirdness & Mutations

You are too large for most types of armour.
You have claws for hands.
Your metabolism is lightning-fast.
You like to eat raw meat.
You heal very quickly.
You are covered in fur (AC +1).
You have very tough skin (AC +2).


Message History

You closely miss the orc wizard.
The orc wizard is moderately wounded.
The orc wizard hits you but does no damage.
You closely miss the orc wizard.
The orc wizard is moderately wounded.
The orc wizard shouts!
You block the orc warrior's attack.
The orc priest mumbles some strange prayers to Beogh against you.
Beogh smites you!
The orc wizard hits you but does no damage.
The orc wizard mumbles some strange words.
The orc wizard seems to speed up.
The orc warrior hits you from afar with a glaive!!
* * * LOW HITPOINT WARNING * * *
The orc wizard casts a spell.
The orc wizard flickers and vanishes!
You barely miss the orc priest.
The orc priest hits you but does no damage.
The orc warrior hits you from afar with a glaive!!
You die...

...#.....#.......#
....
...#....#.....####
..
#.....#.###......#
.#
..###...###.####.#
. . ####....# #...
# #. ###..####
#### ...##.#
##...##
......o###..###
.....{oo@...#####
.....###........#
... #.#....>.# .
...#......#
########..####
##....# ######


You could see an orc warrior, an orc priest and an orc wizard.

Vanquished Creatures
  The ghost of curty the Sneak, an amateur NaEE (D:3)
  An ogre (D:7)
  A giant frog (D:7)
  A crimson imp (D:7)
  2 orc wizards
  A worker ant (D:7)
  3 adders
  7 gnolls
  2 oozes
  2 worms (D:3)
  2 dart slugs
  A giant gecko (D:2)
  7 orcs
  A giant cockroach (D:3)
  3 goblins
  3 hobgoblins
  A quokka (D:2)
  A ball python (D:3)
  A bat (D:2)
  2 giant newts
  6 kobolds
  3 rats (D:3)
52 creatures vanquished.

Vanquished Creatures (others)
  A plant (D:3)
1 creature vanquished.

Grand Total: 53 creatures vanquished

Notes
Turn   | Place    | Note
--------------------------------------------------------------
     0 | D:1      | wraslar the Troll Fighter began the quest for the Orb.
     0 | D:1      | Reached XP level 1. HP: 22/22 MP: 0/0
   100 | D:2      | Reached XP level 2. HP: 28/29 MP: 1/1
   192 | D:3      | Reached XP level 3. HP: 33/36 MP: 2/2
   535 | D:3      | Noticed curty's ghost (amateur NaEE)
   547 | D:3      | Killed curty's ghost
   547 | D:3      | Reached XP level 4. HP: 39/44 MP: 3/3
   547 | D:3      | Reached XP level 5. HP: 46/52 MP: 4/4
  1380 | D:4      | You fall through a shaft for 3 floors!
  1394 | D:7      | Noticed an ogre
  1399 | D:7      | Killed an ogre
  1399 | D:7      | Reached XP level 6. HP: 39/61 MP: 5/5
  1510 | D:7      | Noticed an orc warrior
  1519 | D:7      | Slain by an orc warrior

Skill      XL: |  1  2  3  4  5  6 |
---------------+-------------------+-----
Dodging        | 3 4 |  4.3
Shields        | 3 |  3.4
Unarmed Combat | 3 4 |  4.1
Fighting       | 3 |  3.4
Stealth        | |  0.6

Action                   |  1- 3 |  4- 6 || total
-------------------------+-------+-------++-------
Melee: Unarmed           |    92 |   100 ||   192
  Use: Scroll            |     3 |     3 ||     6
       Potion            |       |     1 ||     1
  Eat: Chunk             |     2 |       ||     2
       Meat ration       |       |     1 ||     1
       Bread ration      |       |     1 ||     1
       Beef jerky        |       |     1 ||     1
Armor: Robe              |    14 |    20 ||    34
Dodge: Dodged            |    15 |    38 ||    53
Block: Shield            |    37 |    29 ||    66
